 Dungeon Crawl Stone Soup version 0.30.0-29-ga12c61a403 (webtiles) character file.

Game seed: 11063741466229734543

9690 seaoflcl the Carver (level 11, -2/84 HPs)
             Began as a Human Fighter on June 5, 2023.
             Was a High Priest of Okawaru.
             Slain by a shadow (27 damage)
             ... on level 12 of the Dungeon.
             The game lasted 00:32:57 (12363 turns).

seaoflcl the Carver (Human Fighter)                Turns: 12363, Time: 00:32:58

Health: -2/84      AC: 27    Str: 20    XL:     11   Next: 79%
Magic:  11/11      EV:  6    Int:  9    God:    Okawaru [*****.]
Gold:   972        SH:  6    Dex: 13    Spells: 10/10 levels left

rFire   . . .        O - +4 scimitar
rCold   . . .        c - +0 buckler
rNeg    . . .        G - +0 plate armour
rPois   .            F - +0 hat {Will+}
rElec   .            (no cloak)
rCorr   .            l - +0 pair of gloves
SInv    .            t - +0 pair of boots
Will    +....        v - amulet of regeneration Stlth
                     R - ring of the Tortoise {AC+8}
HPRegen 1.14/turn    u - +4 ring of protection
MPRegen 0.12/turn

%: no passive effects
@: slowed, very slow
A: no striking features
a: Renounce Religion, Heroism, Finesse, Duel


You were on level 12 of the Dungeon.
You worshipped Okawaru.
Okawaru was extremely pleased with you.
You visited 3 branches of the dungeon, and saw 15 of its levels.

You collected 972 gold pieces.

Inventory:

Hand Weapons
 a - a +0 long sword
 d - a +5 flail
 m - a +1 heavy sling
 J - a +2 mace
 N - a +3 hand axe of freezing
 O - a +4 scimitar (weapon)
 P - the +6 shortbow "Ryeb" {flame, +Blink Int-2 Dex+2}
   (You found it on level 8 of the Dungeon)

   Int:       It affects your intelligence (-2).
   Dex:       It affects your dexterity (+2).
   +Blink:    It lets you blink.
Missiles
 o - 84 stones (quivered)
 z - a throwing net
 I - 2 javelins
Armour
 c - a +0 buckler (worn)
 l - a +0 pair of gloves (worn)
 s - a +0 helmet
 t - a +0 pair of boots (worn)
 F - a +0 hat of willpower (worn)
 G - a +0 plate armour (worn)
Jewellery
 i - a ring of flight
 j - an amulet of magic regeneration
 n - a +6 ring of dexterity
 u - a +4 ring of protection (right hand)
 v - an amulet of regeneration (around neck)
 C - a ring of protection from fire
 M - a ring of resist corrosion
 Q - a ring of positive energy
 R - the ring of the Tortoise (left hand) {AC+8}
   (You found it on level 9 of the Dungeon)

   [ring of protection]

   AC:        It affects your AC (+8).
 W - a ring of positive energy
Wands
 g - a wand of polymorph (11)
 L - a wand of roots (3)
 T - a wand of quicksilver (9)
 Y - a wand of flame (10)
Scrolls
 e - 2 scrolls of summoning
 k - 4 scrolls of amnesia
 p - 2 scrolls of magic mapping {unknown}
 q - 3 scrolls of vulnerability
 w - 2 scrolls of fog
 x - 3 scrolls of immolation
 y - 2 scrolls of torment {unknown}
 A - 8 scrolls of teleportation
 S - a scroll of poison {unknown}
 U - a scroll of brand weapon {unknown}
 V - a scroll of enchant armour {unknown}
 X - a scroll of noise {unknown}
Potions
 b - 2 potions of curing
 f - 3 potions of degeneration
 h - 2 potions of flight {unknown}
 r - 6 potions of brilliance {unknown}
 B - 4 potions of mutation {unknown}
 D - a potion of attraction {unknown}
 E - 2 potions of lignification {unknown}
 K - a potion of cancellation {unknown}


   Skills:
 + Level 7.0 Fighting
 * Level 11.0 Long Blades
 - Level 4.2(6.1) Axes
 - Level 7.0(7.5) Maces & Flails
 + Level 7.1 Armour
 + Level 2.3 Dodging
 + Level 7.1 Shields


You had 10 spell levels left.
You didn't know any spells.
Your spell library contained the following spells:

 Spells                   Type           Power      Damage    Failure   Level
 Sandblast                Erth           0%         2d4       100%        1
 Passwall                 Tmut/Erth      0%         N/A       100%        2
 Sublimation of Blood     Necr           0%         N/A       100%        2
 Dazzling Flash           Conj/Hex       0%         N/A       100%        3
 Inner Flame              Hex/Fire       0%         N/A       100%        3
 Ozocubu's Armour         Ice            0%         N/A       100%        3
 Stone Arrow              Conj/Erth      0%         3d7       100%        3
 Passage of Golubria      Tloc           0%         N/A       100%        4
 Petrify                  Tmut/Erth      0%         N/A       100%        4
 Agony                    Necr           0%         N/A       100%        5
 Irradiate                Conj/Tmut      0%         3d11      100%        5
 Silence                  Hex/Air        0%         N/A       100%        5
 Yara's Violent Unravell  Hex/Tmut       0%         3d3       100%        5
 Enfeeble                 Hex            0%         N/A       100%        7
 Ozocubu's Refrigeration  Ice            0%         4d7       100%        7
 Lehudib's Crystal Spear  Conj/Erth      0%         10d2      100%        8
 Summon Small Mammal      Summ           Unusable   N/A       N/A         1
 Call Canine Familiar     Summ           Unusable   N/A       N/A         3
 Summon Guardian Golem    Hex/Summ       Unusable   N/A       N/A         3

Dungeon Overview and Level Annotations

Branches:
Dungeon (13/15)            Temple (1/1) D:7             Orc (1/2) D:10
   Lair: D:8-11      Vaults: D:13-14

Altars:
Ashenzari
Fedhas
Nemelex Xobeh
Okawaru
Qazlal
Sif Muna
Vehumet
The Shining One

Shops:
Orc:1 [

Portals:
Trove: D:10 (give +6 demon whip)

Annotations:
D:6 2 transporters
D:8 Maurice
D:9 3 runed translucent doors, dang3rdave's ghost, novice VSEE
D:11 Harold


Message History

The tengu conjurer claws you.
The tengu conjurer attacks as you move away!
The tengu conjurer hits you but does no damage.
You block the tengu conjurer's attack.
The tengu conjurer claws you but does no damage.
The wraith attacks as you move away! You block the wraith's attack.
The shadow barely misses you. Something hits you but does no damage.
Deactivating autopickup; reactivate with Ctrl-A.
The shadow hits you. x2
Unknown command.
The shadow attacks as you move away! The shadow hits you.
The wraith attacks as you move away! The wraith hits you but does no damage.
You block something's attack.
The tengu conjurer casts a spell at you.
The bolt of lightning hits you!!
* * * LOW HITPOINT WARNING * * *
You hear a horrible gurgling sound!
Unknown command.
The wraith attacks as you move away! You block the wraith's attack.
Something hits you but does no damage. x2
The shadow slips into darkness.
The shadow flickers and vanishes!
The shadow slips into darkness.
The shadow flickers and vanishes!
Something hits you but does no damage.
Something hits you but does no damage. x2; Something completely misses you.
The shadow slips into darkness.
The shadow flickers and vanishes!
The shadow strikes at you from the darkness!
Reactivating autopickup.
The wraith attacks as you move away! You block the wraith's attack.
The shadow slips into darkness.
The shadow flickers and vanishes!
Deactivating autopickup; reactivate with Ctrl-A.
The wraith hits you.
* * * LOW HITPOINT WARNING * * *
The wraith drains your vigour!
You feel as though you will be slow longer.
You feel better. Something hits you but does no damage.
The shadow strikes at you from the darkness!
You die...

#.........#
#.........#
#........<#
#.........#
#.........#
#.........#
#.........#
#......Q..#
#.......@.#
#.....{{W.#
#.........#
########........*###
.....................
.....................
......................
......................
............>†........


You could see a wraith, a tengu conjurer and a battlesphere.

Vanquished Creatures
  A centaur warrior (D:13)
  A two-headed ogre (D:9)
  5 gargoyles (D:10)
  Psyche (D:9)
  A komodo dragon (D:9)
  A troll (D:13)
  A shadow (D:12)
  4 wyverns
  Sigmund (D:4)
  A wraith (D:13)
  Grum (D:8)
  A vampire mosquito (D:12)
  2 wargs
  4 water moccasins
  4 orc warriors
  An ice beast (D:8)
  4 ogres
  5 centaurs
  2 wolves (D:8)
  2 phantoms
  A kobold brigand (D:8)
  4 bullfrogs
  3 scorpions
  22 wights
  4 killer bees (D:10)
  3 howler monkeys
  3 hounds (D:6)
  2 jellies
  2 gnoll boudas
  7 orc priests
  A sleepcap (D:5)
  Terence (D:2)
  2 iguanas
  11 orc wizards
  7 gnolls
  7 adders
  2 shadow imps
  A white imp (D:8)
  2 dart slugs
  27 orcs
  10 endoplasms
  6 giant cockroaches
  8 goblins
  3 hobgoblins
  3 jackals (D:4)
  5 quokkas
  5 ball pythons
  10 bats
  3 frilled lizards
  2 kobolds
  5 rats
215 creatures vanquished.

Notes
Turn   | Place    | Note
-------+----------+-------------------------------------------
     0 | D:1      | seaoflcl the Human Fighter began the quest for the Orb.
     0 | D:1      | Reached XP level 1. HP: 18/18 MP: 1/1
    66 | D:1      | Found a faded altar of an unknown god.
   121 | D:1      | Reached XP level 2. HP: 24/24 MP: 2/2
   573 | D:1      | Reached XP level 3. HP: 27/29 MP: 3/3
  1392 | D:2      | Reached XP level 4. HP: 35/35 MP: 4/4
  1627 | D:2      | Noticed Terence
  1636 | D:2      | Killed Terence
  1637 | D:2      | Reached skill level 3 in Long Blades
  1800 | D:2      | Reached XP level 5. HP: 39/41 MP: 5/5
  2963 | D:4      | Noticed an ogre
  2970 | D:4      | Killed an ogre
  2971 | D:4      | Reached skill level 4 in Long Blades
  2971 | D:4      | Reached XP level 6. HP: 23/48 MP: 6/6
  3482 | D:4      | Noticed Sigmund
  3514 | D:4      | Killed Sigmund
  3515 | D:4      | Reached skill level 1 in Maces & Flails
  3515 | D:4      | Reached XP level 7. HP: 26/54 MP: 7/7
  4151 | D:5      | Entered Level 5 of the Dungeon
  4288 | D:5      | Found an iron altar of Okawaru.
  4313 | D:5      | Found a shimmering blue altar of Sif Muna.
  4696 | D:5      | Found a broken altar of Ashenzari.
  4702 | D:5      | Became a worshipper of Warmaster Okawaru
  4988 | D:5      | Noticed a water moccasin
  5000 | D:5      | Killed a water moccasin
  5001 | D:5      | Reached XP level 8. HP: 32/61 MP: 8/8
  5475 | D:5      | Reached skill level 5 in Shields
  5560 | D:6      | Reached skill level 5 in Fighting
  5573 | D:6      | Reached skill level 5 in Armour
  5761 | D:6      | Reached * piety under Okawaru
  5856 | D:6      | Reached skill level 5 in Maces & Flails
  5856 | D:6      | Reached XP level 9. HP: 68/68 MP: 9/9
  6175 | D:6      | Found a transporter.
  6221 | D:6      | Found a transporter.
  6318 | D:6      | Found a sparkling altar of Nemelex Xobeh.
  6788 | D:7      | Reached ** piety under Okawaru
  6989 | D:7      | Identified the +4 scale mail of the Lair of Beasts {rCorr
                  | Dex+3}
  7079 | D:7      | Found a staircase to the Ecumenical Temple.
  7182 | D:7      | Found a stormy altar of Qazlal.
  7480 | Temple   | Entered the Ecumenical Temple
  7876 | D:8      | Reached skill level 1 in Axes
  7882 | D:8      | Reached XP level 10. HP: 64/75 MP: 10/10
  8200 | D:8      | Identified the +6 shortbow "Ryeb" {flame, +Blink Int-2
                  | Dex+2}
  8296 | D:8      | Reached skill level 5 in Long Blades
  8300 | D:8      | Reached *** piety under Okawaru
  8479 | D:8      | Reached skill level 6 in Long Blades
  8654 | D:8      | Noticed Maurice
  8689 | D:8      | Noticed Grum
  8704 | D:8      | Killed Grum
  8807 | D:8      | Reached skill level 7 in Long Blades
  8842 | D:9      | Noticed a komodo dragon
  8851 | D:9      | Killed a komodo dragon
  8851 | D:9      | Reached **** piety under Okawaru
  8947 | D:9      | Reached skill level 8 in Long Blades
  9003 | D:9      | Found the ring of the Tortoise {AC+8}
  9137 | D:9      | Found a runed translucent gate.
  9137 | D:9      | Found a runed translucent gate.
  9137 | D:9      | Found a runed translucent gate.
  9160 | D:9      | Noticed dang3rdave's ghost (novice VSEE)
  9160 | D:9      | Noticed a nine-headed hydra
  9194 | D:9      | Noticed a two-headed ogre
  9214 | D:9      | HP: 3/75 [two-headed ogre/+0 giant club (3)]
  9221 | D:9      | Killed a two-headed ogre
  9222 | D:9      | Reached skill level 9 in Long Blades
  9222 | D:9      | Reached XP level 11. HP: 27/83 MP: 11/11
  9485 | D:9      | Noticed Psyche
  9497 | D:9      | Killed Psyche
 10110 | D:10     | Entered Level 10 of the Dungeon
 10327 | D:10     | Found a staircase to the Orcish Mines.
 10452 | D:10     | Found a portal to a secret trove of treasure.
 10518 | D:10     | Reached skill level 10 in Long Blades
 10701 | D:10     | Reached skill level 1 in Dodging
 10817 | D:10     | Reached ***** piety under Okawaru
 10993 | D:10     | Found a glowing golden altar of the Shining One.
 11219 | D:11     | Noticed Harold
 11450 | D:11     | Noticed a cyclops
 11494 | Orc:1    | Entered Level 1 of the Orcish Mines
 11544 | Orc:1    | Found Irchonopn's Armour Shop.
 11713 | Orc:1    | Noticed an orc warlord
 12213 | D:13     | Noticed a centaur warrior
 12245 | D:13     | Killed a centaur warrior
 12246 | D:13     | Reached skill level 11 in Long Blades
 12297 | D:13     | Noticed a purple ugly thing
 12346 | D:12     | HP: 3/84 [something (16)]
 12363 | D:12     | Slain by a shadow

Illustrated notes

Levels and vault maps discovered:
D:1:      psy_arrival_conway, layout_basic,
          hellmonk_ecumenical_altar_heavens_door, minmay_misc_feat_ornament
D:2:      layout_loops_corners, serial_forest, infiniplex_forest_lined_room_2,
          infiniplex_forest_zigzag_1, infiniplex_forest_lined_3_way,
          infiniplex_forest_side_room, infiniplex_forest_lined_corner,
          infiniplex_forest_straight_2, infiniplex_forest_zigzag_2,
          infiniplex_forest_end_2, infiniplex_forest_lined_room_2, uniq_terence
D:3:      layout_basic
D:4:      layout_loops_cross, uniq_sigmund
D:5:      layout_loops_ring, grunt_temple_overflow_open
D:6:      gammafunk_cloud_chamber, layout_basic, nemelex_dance_club_becter,
          serial_glass, glass_columns_c, glass_columns_b, glass_columns_a,
          glass_columns_c, glass_columns_a, glass_columns_a, glass_columns_a,
          glass_columns_c, glass_columns_b, glass_columns_a
D:7:      hellmonk_destroyed_diamonds, layout_loops_ring,
          mainiacjoe_overflow_alcove_2, minmay_temple_entry_statues_fountains,
          minmay_misc_feat_room
D:8:      minmay_angry_zag, layout_loops_ring, serial_glass, glass_columns_a,
          glass_columns_b, feat_on_display, item_on_display_a,
          item_on_display_b, item_on_display_a, uniq_maurice, uniq_grum
D:9:      layout_layer_cave, gammafunk_ghost_hydra_chop, uniq_psyche
D:10:     cheibrodos_statue_roulette, layout_irregular_city,
          mainiacjoe_overflow_alcove_1, orc_0_dummy, enter_trove_6
D:11:     layout_grid_maze, erik_lair_island, uniq_lodul, uniq_harold
D:12:     layout_cross, grunt_ministairs_11
D:13:     nicolae_hitomezashi [nicolae_hito_row, nicolae_hito_row,
          nicolae_hito_row, nicolae_hito_row, nicolae_hito_row,
          nicolae_hito_row, nicolae_hito_row, nicolae_hito_row,
          nicolae_hito_row, nicolae_hito_row, nicolae_hito_row,
          nicolae_hito_row, nicolae_hito_row, nicolae_hito_row,
          nicolae_hito_row, nicolae_hito_row, nicolae_hito_row,
          nicolae_hito_row], layout_small_grid, solitary_fountain, uniq_kirke
Temple:   nicolae_temple_elliptical
Orc:1:    layout_caves, serial_shops, nicolae_shop_scrapyard

Skill      XL: |  1  2  3  4  5  6  7  8  9 10 11 |
---------------+----------------------------------+-----
Long Blades    | 3 4 9 11 | 11.0
Fighting       | 4 5 6 7 |  7.0
Armour         | 4 5 6 7 |  7.1
Shields        | 4 5 6 7 |  7.1
Maces & Flails | 1 3 5 7 |  7.0
Axes           | 1 4 |  4.2
Dodging        | 2 |  2.3

Action                     |  1- 3 |  4- 6 |  7- 9 | 10-12 || total
---------------------------+-------+-------+-------+-------++-------
  Melee: Long sword        |   124 |   128 |       |       ||   252
         Flail             |       |    20 |   286 |       ||   306
         Hand axe          |       |       |    16 |    73 ||    89
         Scimitar          |       |       |       |   469 ||   469
   Fire: Sling             |       |     1 |     4 |       ||     5
  Throw: Throwing net      |       |       |     1 |       ||     1
 Invoke: Heroism           |       |       |       |     2 ||     2
  Evoke: Wand              |       |       |       |     1 ||     1
    Use: Potion            |       |     1 |       |    11 ||    12
         Scroll            |       |       |     7 |     4 ||    11
 Armour: Scale mail        |    67 |       |       |       ||    67
         Chain mail        |     8 |   124 |   132 |       ||   264
         Plate armour      |       |       |    81 |   621 ||   702
  Dodge: Dodged            |    49 |    74 |    88 |   180 ||   391
  Block: Buckler           |    34 |    48 |   114 |   219 ||   415
